 Dungeon Crawl Stone Soup version 0.29-a0-1027-gcd8c55af63 (webtiles) character file.

Game seed: 1307575715063774841

742 BlueFish the Covert (level 7, -6/53 HPs)
             Began as a Vampire Delver on Aug 13, 2022.
             Was a Priest of Dithmenos.
             Splashed by a jelly's acid (8 damage)
             ... on level 5 of the Dungeon.
             The game lasted 00:15:04 (3350 turns).

BlueFish the Covert (Vampire Delver)                Turns: 3350, Time: 00:15:05

Health: -6/53      AC:  0    Str: 11    XL:     7   Next: 47%
Magic:  10/10      EV: 14    Int: 16    God:    Dithmenos [***...]
Gold:   219        SH:  0    Dex: 17    Spells: 10/10 levels left

rFire   . . .      SeeInvis +   q - +3 dagger (vamp)
rCold   . . .      Faith    +   (no shield)
rNeg    . . .      Spirit   .   h - +5 robe "Opratodgh" {Drain Will+ Int+3}
rPois   .          Reflect  .   r - +2 helmet
rElec   .          Harm     .   (no cloak)
rCorr   .          Rampage  .   (no gloves)
Will    +....                   s - +1 pair of boots
Stlth   ++++++....              l - amulet of faith
HPRegen 0.37/turn               (no ring)
MPRegen 0.12/turn               (no ring)

@: corroded, healing quickly, wreathed by umbra
A: alive, fangs 3, see invisible, vampiric 2
a: Exsanguinate, Renounce Religion, Shadow Step


You were on level 5 of the Dungeon.
You worshipped Dithmenos.
Dithmenos was most pleased with you.
You visited 2 branches of the dungeon, and saw 6 of its levels.

You collected 219 gold pieces.

Inventory:

Hand Weapons
 a - a +0 short sword
 q - a +3 vampiric dagger (weapon)
Armour
 b - a +0 leather armour
 h - the +5 robe "Opratodgh" (worn) {Drain Will+ Int+3}
   (You found it on level 4 of the Dungeon)

   Int:       It affects your intelligence (+3).
   Drain:     It drains your maximum health when unequipped.
   Will:      It increases your willpower.
 r - a +2 helmet (worn)
 s - a +1 pair of boots (worn)
Jewellery
 e - an amulet of regeneration
 l - an amulet of faith (around neck)
Wands
 g - a wand of digging (3)
 k - a wand of polymorph (13)
 p - a wand of light (8)
Scrolls
 c - a scroll of fog
 d - 3 scrolls of magic mapping
 i - a scroll of vulnerability
 m - 3 scrolls of teleportation
 o - a scroll of poison
 v - a scroll of noise
Potions
 f - 2 potions of haste
 j - a potion of heal wounds
 t - 2 potions of might
 w - a potion of brilliance
 z - 2 potions of curing


   Skills:
 + Level 3.8 Fighting
 + Level 4.0 Short Blades
 * Level 1.8 Armour
 + Level 4.1 Dodging
 + Level 8.7 Stealth
 + Level 2.0 Spellcasting
 + Level 2.1 Invocations
 + Level 2.4 Evocations


You had 10 spell levels left.
You didn't know any spells.
Your spell library contained the following spells:

 Spells                   Type           Power      Damage    Failure   Level
 Confusing Touch          Hex            1%         N/A       52%         3
 Yara's Violent Unravell  Hex/Tmut       0%         3d3       99%         5
 Enfeeble                 Hex            0%         N/A       100%        7


Dungeon Overview and Level Annotations

Branches:
Dungeon (5/15)             Temple (1/1) D:5

Altars:
Ashenzari
Cheibriados
Dithmenos
Fedhas
Hepliaklqana
Kikubaaqudgha
Makhleb
Qazlal
Ru
Trog
Vehumet
Xom
Yredelemnul

Annotations:
D:4 3 runed translucent doors, siradein's ghost, novice DrBe


Innate Abilities, Weirdness & Mutations

Your natural rate of healing is accelerated.
You have razor-sharp teeth.
You have supernaturally acute eyesight. (SInv)
You are afflicted with vampirism and can become a bat while bloodless.


Message History

The jelly is heavily wounded.
The jelly hits you but does no damage.
You hit the jelly.
You feel better. The acid corrodes you!
Your hands burn!
The jelly is heavily wounded.
The jelly barely misses you.
You hit the jelly.
You feel better.
Your hands burn!
The jelly is severely wounded.
You hit the jelly but do no damage.
Your hands burn!
The jelly is severely wounded.
The jelly hits you. The acid corrodes you!
You are splashed with acid!
You are too injured to fight recklessly!
You are too injured to fight recklessly!
You hit the jelly.
Your hands burn!
The jelly is severely wounded.
The jelly closely misses you.
You hit the jelly but do no damage. The acid corrodes you!
Your hands burn!
The jelly is severely wounded.
The jelly hits you. The acid corrodes you!
You are splashed with acid!
You hit the jelly but do no damage.
Your hands burn!
The jelly is severely wounded.
The jelly misses you.
You hit the jelly.
Your hands burn!
The jelly is severely wounded.
You hit the jelly.
You feel better.
Your hands burn!
You bite the jelly, but do no damage.
The jelly is almost dead.
The jelly closely misses you.
You hit the jelly but do no damage.
Your hands burn!
* * * LOW HITPOINT WARNING * * *
The jelly is almost dead.
The jelly hits you.
* * * LOW HITPOINT WARNING * * *
You are splashed with acid!
* * * LOW HITPOINT WARNING * * *
Okay, then.
Okay, then.
The jelly attacks as you move away! The jelly hits you.
* * * LOW HITPOINT WARNING * * *
You are splashed with acid!
You die...

8# ... ..########
.........# #.....<#
########## #......##
#.##........###........
#....J@......†.......##
#######..............##
#................
#...................
#...................
#.................#.
#...................
#........####.#.....
#........# .#


You could see a jelly.

Vanquished Creatures
  An ogre (D:5)
  A bullfrog (D:5)
  A gnoll sergeant (D:5)
  A scorpion (D:4)
  An orc priest (D:5)
  Natasha (thrice) (D:2)
  4 iguanas
  3 orc wizards (D:4)
  Robin (D:2)
  4 gnolls
  5 adders (D:3)
  2 worms
  3 orcs
  3 bats
  4 endoplasms
  3 giant cockroaches
  12 goblins
  7 hobgoblins
  11 jackals
  2 quokkas
  10 ball pythons
  12 frilled lizards
  4 kobolds
  13 rats
111 creatures vanquished.

Vanquished Creatures (others)
  2 plants (D:1)
2 creatures vanquished.

Grand Total: 113 creatures vanquished

Notes
Turn   | Place    | Note
-------+----------+-------------------------------------------
     0 | D:5      | BlueFish the Vampire Delver began the quest for the Orb.
     0 | D:5      | Reached XP level 1. HP: 17/17 MP: 1/1
    12 | D:5      | Found a staircase to the Ecumenical Temple.
    19 | Temple   | Entered the Ecumenical Temple
    79 | Temple   | Became a worshipper of Dithmenos the Shadowed
   199 | D:4      | Noticed an iguana
   230 | D:4      | Killed an iguana
   231 | D:4      | Reached XP level 2. HP: 23/23 MP: 2/2
   231 | D:4      | Identified the +5 robe "Opratodgh" {Drain Will+ Int+3}
   424 | D:5      | Noticed an ogre
   430 | D:5      | Killed an ogre
   431 | D:5      | Reached skill level 1 in Evocations
   431 | D:5      | Gained mutation: You are afflicted with vampirism and can
                  | become a bat while bloodless. [Vampire growth]
   431 | D:5      | Reached XP level 3. HP: 20/29 MP: 2/4
   431 | D:5      | Reached XP level 4. HP: 24/35 MP: 2/5
   471 | D:5      | Noticed a scorpion
   528 | D:3      | Found a burning altar of Makhleb.
   611 | D:3      | Found a sacrificial altar of Ru.
   713 | D:2      | Reached XP level 5. HP: 41/41 MP: 6/6
   746 | D:2      | Reached * piety under Dithmenos
   776 | D:2      | Noticed Robin
   815 | D:2      | Killed Robin
   867 | D:2      | Identified the +2 hand axe of Certain Death {drain, rElec
                  | Str+4}
   956 | D:2      | Noticed Natasha
   964 | D:2      | Killed Natasha
   965 | D:2      | Reached skill level 1 in Spellcasting
  1109 | D:1      | Found a faded altar of an unknown god.
  1233 | D:1      | Reached skill level 8 in Stealth
  1343 | D:1      | Reached skill level 1 in Invocations
  1381 | D:1      | Reached ** piety under Dithmenos
  1782 | D:2      | Found a shimmering altar of Xom.
  1785 | D:2      | Noticed Natasha
  1802 | D:2      | Killed Natasha
  1803 | D:2      | Reached skill level 1 in Armour
  1828 | D:2      | Noticed Natasha
  1841 | D:2      | Killed Natasha
  1842 | D:2      | Reached XP level 6. HP: 41/47 MP: 7/7
  2212 | D:3      | Identified the +5 mace "Bulomema" {vorpal, Fragile rCorr
                  | MP+9 Str+4}
  2369 | D:3      | Reached *** piety under Dithmenos
  2412 | D:4      | Noticed siradein's ghost (novice DrBe)
  2554 | D:4      | Found a runed translucent gate.
  2554 | D:4      | Found a runed translucent gate.
  2557 | D:4      | Found a runed translucent gate.
  2944 | D:4      | Reached XP level 7. HP: 34/52 MP: 9/9
  3350 | D:5      | HP: 2/53 [jelly (2)]
  3350 | D:5      | Splashed by a jelly's acid

Illustrated notes

Levels and vault maps discovered:
D:1:      dpeg_arrival_ratfight, layout_rooms, ebering_ecumenical_altar_webs,
          minmay_statues_item, minmay_lizard_king
D:2:      layout_basic, basic_altar, uniq_natasha, uniq_robin
D:3:      layout_rooms, mainiacjoe_overflow_brackets,
          nicolae_ru_sacrificial_ziggurat
D:4:      layout_cave_pools, gammafunk_ghost_split
D:5:      nicolae_cairo_tiling_large, layout_basic,
          minmay_temple_entry_junction_2, serial_corexii_hall,
          chequers_hall_statues_wall_a, corexii_hall_statues_i,
          grunt_ministairs_14
Temple:   nicolae_temple_godzebo

Skill      XL: |  1  2  3  4  5  6  7 |
---------------+----------------------+-----
Fighting       | 3 |  3.8
Short Blades   | 3 4 |  4.0
Evocations     | 1 2 |  2.4
Dodging        | 3 4 |  4.1
Spellcasting   | 1 2 |  2.0
Stealth        | 8 |  8.7
Invocations    | 1 2 |  2.1
Armour         | 1 |  1.8

Action                   |  1- 3 |  4- 6 |  7- 9 || total
-------------------------+-------+-------+-------++-------
Melee: Short sword       |    26 |   104 |       ||   130
       Bite              |     2 |    33 |    12 ||    47
       Punch             |       |     4 |       ||     4
       Dagger            |       |   281 |    98 ||   379
  Use: Scroll            |     1 |    16 |       ||    17
 Stab: Sleeping          |     2 |    16 |     1 ||    19
       Distracted        |       |     2 |       ||     2
Armor: Leather armour    |     1 |       |       ||     1
       Robe              |     4 |   169 |    17 ||   190
Dodge: Dodged            |    20 |   344 |    54 ||   418

Table legend: (Time is in decaauts)
 A = Elapsed time spent in this place.
 B = Non-inter-level travel time spent in this place.
 C = Inter-level travel time spent in this place.
 D = Time resting spent in this place.
 E = Time spent auto-exploring this place.
 F = Levels seen in this place.
 G = Mean time per level.
                   A        B        C        D        E       F      G
               +--------+--------+--------+--------+--------+-----+--------+
         Total |   3279 |   3145 |    134 |    123 |   1781 |   6 |  546.5 |
       Dungeon |   3139 |   3039 |    100 |    123 |   1689 |   5 |  627.8 |
        Temple |    139 |    105 |     34 |      0 |     92 |   1 |  139.0 |
               +--------+--------+--------+--------+--------+-----+--------+

Top non-repeatable levels by time:
     D:2: 905 daAuts
     D:5: 667 daAuts
     D:1: 622 daAuts
     D:4: 552 daAuts
     D:3: 390 daAuts
  Temple: 139 daAuts
